 Dungeon Crawl Stone Soup version 0.20.0-15-g7f486f2 (webtiles) character file.

28 Chiseanne the Magician (level 3, 27/27 HPs)
             Began as a Demonspawn Wanderer on June 10, 2017.
             Quit the game on level 1 of the Dungeon.
             The game lasted 00:03:09 (1300 turns).

Chiseanne the Magician (Demonspawn Wanderer)        Turns: 1300, Time: 00:03:09

Health: 27/27      AC:  4    Str: 13    XL:     3   Next: 0%
Magic:  4/6        EV: 11    Int: 16    God:
Gold:   24         SH:  0    Dex:  9    Spells: 6/7 levels left

rFire    . . .     SeeInvis .   p - +0 short sword
rCold    . . .     Gourm    .   (no shield)
rNeg     . . .     Faith    .   d - +0 robe
rPois    .         Spirit   .   (helmet restricted)
rElec    .         Reflect  .   (no cloak)
rCorr    .         Harm     .   (no gloves)
MR       .....                  m - +1 pair of boots
Stlth    +.........             (no amulet)
Regen    0.1/turn               (no ring)
MPRegen  0.1/turn               (no ring)

@: no status effects
A: antennae 1, rot immunity
a: no special abilities


You were on level 1 of the Dungeon.
You were very hungry.

You visited 1 branch of the dungeon, and saw 1 of its levels.

You collected 24 gold pieces.

Inventory:

Hand Weapons
 p - a +0 short sword (weapon)
Missiles
 e - 13 poisoned needles
 g - 68 stones (quivered)
 h - 14 bolts
Armour
 a - a +0 shield
 d - a +0 robe (worn)
 m - a +1 pair of boots (worn)
Scrolls
 i - 2 scrolls of identify
 k - a scroll of remove curse {unknown}
 l - a scroll of recharging
 o - 2 scrolls of teleportation
Potions
 c - a potion of lignification
 j - a potion of resistance
Books
 b - the Tome of the Birds

   Spells                             Type                      Level
   a - Shock                          Conjuration/Air              1
   b - Mephitic Cloud                 Conjuration/Poison/Air       3
Comestibles
 f - a bread ration


   Skills:
 - Level 2.0 Fighting
 - Level 1.0 Armour
 - Level 1.7 Shields
 * Level 2.6 Spellcasting
 * Level 1.0 Conjurations
   Level 1.1 Necromancy
 * Level 1.2 Air Magic
   Level 1.7 Earth Magic


You had 6 spell levels left.
You knew the following spells:

 Your Spells              Type           Power        Failure   Level  Hunger
a - Shock                 Conj/Air       #...         12%         1    #......


Dungeon Overview and Level Annotations

Branches:
Dungeon (1/15)

Altars:


Innate Abilities, Weirdness & Mutations

You have a pair of small antennae on your head.
You are immune to rotting.


Message History

Things that are here:
a dagger; a vampiric dagger; a +0 club You see here a dagger.
A hobgoblin comes into view. It is wielding a club.
Casting: Shock
Confirm with . or Enter, or press ? or * to list all spells.
Aiming: Shock
Press: ? - help, Shift-Dir - straight line The zap hits the hobgoblin.
The hobgoblin is heavily wounded.
The hobgoblin shouts!
The zap hits the hobgoblin.
You kill the hobgoblin!
You have reached level 3!
Your experience leads to an increase in your attributes!
Increase (S)trength, (I)ntelligence, or (D)exterity?
You feel clever.
Your demonic ancestry asserts itself...
You feel immune to rotting.
You are feeling very hungry.
Are you sure you want to abandon this character and quit the game? (Confirm with "yes".)

.# #...###########..###......#.#.
## #...# #...........##..#####.#.
# #...# #.########..##..# #.#. #
#...# #....# #.)..##..# #.#. #
#...# ####.###....##..# #.#. #
#...# #.....#....##..# #.#. #
#...# #.#.#.#..#.##..# *,#. #
#...# #.#.#.#..#.##..# *,#.
#...####.#.#.@..#..#..# *,#.
#........#......#.....# *,#.
###.######.##...##.##.# *,##
#.##.....#P...P#.##.# ***+#,
######.##.######...##..#.# *,,..*
.......##.....#P...P##.#.# *,...*
####..........##...###.÷.###....*
#.####.....#P...P###....†....,
#.# #.....##.†.## #.........,


There were no monsters in sight!

Vanquished Creatures
  2 dart slugs (D:1)
  3 goblins (D:1)
  5 hobgoblins (D:1)
  4 bats (D:1)
  5 kobolds (D:1)
  3 rats (D:1)
22 creatures vanquished.

Notes
Turn   | Place    | Note
-------+----------+-------------------------------------------
     0 | D:1      | Chiseanne the Demonspawn Wanderer began the quest for the Orb.
     0 | D:1      | Chiseanne set off with: a +0 shield, the Tome of the Birds, a potion of lignification, a +0 robe, a +0 club, a bread ration
     0 | D:1      | Reached XP level 1. HP: 16/16 MP: 3/3
     3 | D:1      | Identified the Tome of the Birds
     5 | D:1      | Learned a level 1 spell: Shock
   561 | D:1      | Reached skill level 1 in Air Magic
   595 | D:1      | Gained mutation: You have a pair of small antennae on your head. [demonic ancestry]
   595 | D:1      | Reached XP level 2. HP: 22/22 MP: 0/5
  1064 | D:1      | Reached skill level 1 in Conjurations
  1299 | D:1      | Gained mutation: You are immune to rotting. [demonic ancestry]
  1299 | D:1      | Reached XP level 3. HP: 27/27 MP: 4/6
  1300 | D:1      | Quit the game

Skill      XL: |  1  2 |
---------------+-------+-----
Air Magic      | 1 |  1.2
Conjurations   | 1 |  1.0
Fighting       | |  2.0
Armour         | |  1.0
Shields        | |  1.7
Spellcasting   | |  2.6
Necromancy     | |  1.1
Earth Magic    | |  1.7

Action                   || total
-------------------------++-------
Melee: Club              ||    19
       Short sword       ||    11
 Cast: Shock             ||    47
  Use: Scroll            ||     4
  Eat: Chunk             ||     1
Armor: Robe              ||    17
Dodge: Dodged            ||    35
